 Dungeon Crawl Stone Soup version 0.16.2-12-gd0ad4c3 (webtiles) character file.

362 SlimeFever the Insei (level 6, -1/48 HPs)
             Began as a Demonspawn Monk on Sept 30, 2015.
             Was a Follower of Ru.
             Killed by nerve-wracking pain
             ... invoked by Grinder
              (11 damage)
             ... while paralysed by Grinder
             ... on level 4 of the Dungeon.
             The game lasted 00:33:23 (3401 turns).

SlimeFever the Insei (Demonspawn Monk)              Turns: 3401, Time: 00:33:23

Health: -1/48      AC:  5    Str: 13    XL:     6   Next: 39%
Magic:  0/6        EV:  2    Int: 11    God:    Ru [*.....]
Gold:   266        SH:  0    Dex: 16    Spells: 0 memorised, 5 levels left

rFire  . . .     SeeInvis .       - Unarmed
rCold  . . .     Clarity  .     u - +2 robe {Archmagi}
rNeg   . . .     SustAb   .     (no shield)
rPois  .         Gourm    .     (no helmet)
rElec  .         Spirit   +     j - +0 cloak
rCorr  .         Warding  .     (no gloves)
rMut   .         Rnd*Tele +     (no boots)
MR     .....                    (no amulet)
Stlth  ++........               (no ring)
                                w - ring of teleportation (curse)

@: paralysed, not resistant to hostile enchantments, unstealthy
A: spiny 1, magic shield, no charms magic, no ice magic, no transmutations magic
a: Renounce Religion, Evoke Teleportation


You were on level 4 of the Dungeon.
You worshipped Ru.
Ru was aware of your devotion.
You were not hungry.

You visited 1 branch of the dungeon, and saw 4 of its levels.

You collected 266 gold pieces.

Inventory:

Hand weapons
 a - a +0 hunting sling
 e - a +0 dagger
 k - a +0 blowgun
Missiles
 f - 39 sling bullets
 p - 16 poisoned needles
 r - 78 arrows
 s - 13 exploding sling bullets
Armour
 j - a +0 cloak (worn)
 n - a +0 robe
 u - a +2 robe of the Archmagi (worn)
Jewellery
 q - a -3 ring of strength
 w - a cursed ring of teleportation (left hand)
Magical devices
 o - a wand of confusion (48)
Scrolls
 c - a scroll of identify
 h - a scroll of teleportation
Potions
 d - a potion of agility
 g - a potion of might
 m - a potion of curing
 t - a potion of haste {unknown}
 v - a potion of degeneration {unknown}
Comestibles
 b - 2 bread rations
 i - 2 fruits
 l - a meat ration
 x - a slice of pizza


   Skills:
 + Level 3.7 Fighting
 + Level 1.3 Slings
 + Level 3.8 Dodging
 + Level 2.7 Stealth
 * Level 5.5 Unarmed Combat


You had 5 spell levels left.
You didn't know any spells.

Dungeon Overview and Level Annotations

Branches:
Dungeon (4/15)
 Temple: D:4-7

Altars:
Cheibriados
Fedhas
Nemelex Xobeh
Okawaru
Ru
Trog

Annotations:
D:4 Dowan, Grinder


Innate Abilities, Weirdness & Mutations

You are partially covered in sharp spines.
When hurt, damage is shared between your health and your magic reserves.
You cannot study or cast Charms magic.
You cannot study or cast Ice magic.
You cannot study or cast Transmutations magic.


Message History

Grinder is moderately wounded.
You redirect Grinder's attack!
Grinder barely misses himself.
You completely miss Grinder.
Grinder is moderately wounded.
Grinder hits you.
You writhe in agony.
You hit Grinder.
Grinder is moderately wounded.
You hit Grinder.
Grinder is heavily wounded.
Grinder gestures at you.
You suddenly lose the ability to move!
Grinder hits you.
You writhe in agony.
Grinder hits you.
* * * LOW HITPOINT WARNING * * *
You writhe in agony.
* * * LOW HITPOINT WARNING * * *
Grinder gestures at you. Pain shoots through your body!
You die...

#..........###.###....#
#....# ... #....#
#..### ### ###..# #
##.# #..# # ...#.##.###
#.## #### #..........#
..........
...######.### ###...
### #...# #...#. #
##@.###(###.# #
#5..(......# #
#.###.(.(..# # #.#
#####..# # ####.#### .#
# #.......# .. #
#.##.##.# . # #.##..#.#
# ##.###.#.# #


You could see Grinder.

Vanquished Creatures
  Sigmund (D:3)
  A scorpion (D:4)
  A goliath beetle (D:3)
  A hound (D:4)
  An orc wizard (D:4)
  2 worker ants (D:4)
  An adder (D:4)
  A giant mite (D:3)
  2 worms (D:2)
  An ooze (D:1)
  6 orcs
  5 giant cockroaches
  5 goblins (D:3)
  8 hobgoblins
  8 jackals
  3 quokkas
  5 bats
  2 giant geckos
  6 giant newts
  11 kobolds
  9 rats
80 creatures vanquished.

Notes
Turn   | Place    | Note
--------------------------------------------------------------
     0 | D:1      | SlimeFever, the Demonspawn Monk, began the quest for the Orb.
     0 | D:1      | Reached XP level 1. HP: 18/18 MP: 1/1
   199 | D:1      | Reached skill level 4 in Unarmed Combat
   199 | D:1      | Gained mutation: When hurt, damage is shared between your health and your magic reserves. [demonic ancestry]
   199 | D:1      | Reached XP level 2. HP: 18/24 MP: 2/2
   871 | D:2      | Reached XP level 3. HP: 9/29 MP: 1/3
  1375 | D:2      | Found a bloodstained altar of Trog.
  1387 | D:2      | Found an iron altar of Okawaru.
  1387 | D:2      | Found a sparkling altar of Nemelex Xobeh.
  1388 | D:2      | Found a sacrificial altar of Ru.
  1391 | D:2      | Found a snail-covered altar of Cheibriados.
  1409 | D:2      | Became a worshipper of Ru the Awakened
  1434 | D:2      | Gained mutation: You cannot study or cast Ice magic. [Ru sacrifice]
  1434 | D:2      | Gained mutation: You cannot study or cast Transmutations magic. [Ru sacrifice]
  1434 | D:2      | Gained mutation: You cannot study or cast Charms magic. [Ru sacrifice]
  1434 | D:2      | Acquired Ru's first power
  1850 | D:3      | Found a blossoming altar of Fedhas.
  1893 | D:3      | Reached skill level 1 in Slings
  1893 | D:3      | Reached XP level 4. HP: 20/35 MP: 2/4
  2206 | D:3      | Noticed Sigmund
  2542 | D:3      | Killed Sigmund
  2542 | D:3      | Reached skill level 5 in Unarmed Combat
  2542 | D:3      | Gained mutation: You are partially covered in sharp spines. [demonic ancestry]
  2542 | D:3      | Reached XP level 5. HP: 24/41 MP: 3/5
  2915 | D:4      | Reached XP level 6. HP: 45/47 MP: 6/6
  3085 | D:4      | Noticed Dowan
  3216 | D:4      | Noticed Grinder
  3220 | D:4      | Paralysed by Grinder for 4 turns
  3398 | D:4      | Paralysed by Grinder for 4 turns
  3401 | D:4      | Killed from afar by Grinder

Action                   |  1- 3 |  4- 6 || total
-------------------------+-------+-------++-------
Melee: Unarmed           |   141 |   188 ||   329
 Fire: Hunting sling     |    20 |     9 ||    29
       Blowgun           |       |     7 ||     7
Invok: Sacrifice Arcana  |     1 |       ||     1
  Use: Scroll            |     7 |     2 ||     9
       Potion            |     4 |     1 ||     5
 Stab: Sleeping          |     6 |     3 ||     9
  Eat: Beef jerky        |     2 |       ||     2
       Royal jelly       |       |     1 ||     1
       Meat ration       |       |     1 ||     1
